 Dungeon Crawl Stone Soup version 0.13-a0-2725-gfd4ef73 (console) character file.

192 Illaniel the Charmwright (level 3, 0/24 HPs)
             Began as a High Elf Skald on Aug 19, 2013.
             Shot with an arrow by a centaur (18 damage)
             ... on Level 3 of the Dungeon.
             The game lasted 00:06:25 (2021 turns).

Illaniel the Charmwright (High Elf Skald)           Turns: 2021, Time: 00:06:25

HP   0/24        AC  3     Str 11      XL: 3   Next: 96%
MP   2/9         EV 11     Int 17      God:
Gold 126         SH  0     Dex 14      Spells:  3 memorised,  2 levels left

Res.Fire  : . . .   See Invis. : .   a - +0 elf short sword
Res.Cold  : . . .   Warding    : .   b - +0 elf leather armour
Life Prot.: . . .   Conserve   : .   (no shield)
Res.Poison: .       Res.Corr.  : .   (no helmet)
Res.Elec. : .       Clarity    : .   (no cloak)
Sust.Abil.: . .     Spirit.Shd : .   (no gloves)
Res.Mut.  : .       Stasis     : .   (no boots)
Res.Rott. : .       Flight     : +   (no amulet)
Saprovore : . . .                    (no ring)
                                     (no ring)

@: flying, shrouded (expiring), slightly resistant to hostile enchantments,
unstealthy
A: no striking features
a: no special abilities


You were on level 3 of the Dungeon.
You were hungry.

You visited 1 branch of the dungeon, and saw 3 of its levels.

You collected 106 gold pieces.

Inventory:

Hand weapons
 a - a +0,+0 elven short sword (weapon)
Missiles
 h - 6 poisoned needles
Armour
 b - a +0 elven leather armour (worn)
Comestibles
 d - a bread ration
 q - a chunk of giant gecko flesh
Scrolls
 e - 2 scrolls of blinking {unknown}
 f - 2 scrolls of teleportation {unknown}
 g - 2 scrolls of amnesia {unknown}
 i - 2 scrolls of enchant weapon II {unknown}
 n - a scroll of fear {unknown}
 o - a scroll of enchant armour {unknown}
 r - a scroll of random uselessness {unknown}
Potions
 j - 2 potions of curing
 l - a potion of blood
 m - a potion of agility {unknown}
 p - a potion of flight
 s - a potion of coagulated blood
Books
 c - a book of Battle

   Spells                             Type                      Level
   *Infusion                          Charms                       1
   *Shroud of Golubria                Charms/Translocation         2
   Song of Slaying                    Charms                       2
   *Spectral Weapon                   Hexes/Charms                 3
   Regeneration                       Charms/Necromancy            3
   Song of Shielding                  Charms                       4


   Skills:
 + Level 2.8 Fighting
 - Level 2.4 Short Blades
 + Level 1.7 Armour
 + Level 1.9 Dodging
 + Level 3.0 Spellcasting
 - Level 4.0 Charms


You had 2 spell levels left.
You knew the following spells:

 Your Spells              Type           Power        Failure   Level  Hunger
a - Infusion              Chrm           ###...       3%          1    None
c - Spectral Weapon       Hex/Chrm       #.......     24%         3    ###....
h - Shroud of Golubria    Chrm/Tloc      #.........   14%         2    ##.....


Dungeon Overview and Level Annotations

Branches:
Dungeon (3/27)

Altars:
the Shining One


Message History

Casting: Spectral Weapon
Confirm with . or Enter, or press ? or * to list all spells.
Space distorts slightly along a thin shroud covering your body.
The hobgoblin barely misses you.
You closely miss the hobgoblin.
You are feeling hungry.
Your spectral weapon closely misses the hobgoblin.
The hobgoblin hits you but does no damage.
You hit the hobgoblin!
You kill the hobgoblin!
The centaur shoots an arrow.
The arrow misses you.
The centaur shoots an arrow.
The arrow misses you.
The centaur shoots an arrow.
The arrow misses you.
Your shroud begins to fray at the edges.
The centaur shoots an arrow.
The arrow hits your spectral weapon.
Your spectral weapon shares its damage with you!
Your spectral weapon fades away.
The centaur shoots an arrow.
The arrow hits you!
Ouch! That really hurt!
You die...

∙∙∙∙∙∙∙∙▒▒∙∙∙∙ ∙∙∙
∙∙∙∙∙∙∙∙▒▒∙∙∙∙∙∙∙c∙∙∙▒
∙∙▒∙∙∙∙∙▒▒∙∙∙∙∙∙∙∙∙∙∙▒
%∙▒∙∙∙∙∙∙∙∙∙▒ ∙∙∙∙∙∙∙▒
▒∙∙∙∙▒∙∙∙∙∙∙▒ ∙∙∙∙∙∙∙▒
▒∙∙∙∙▒∙∙∙∙∙∙▒▒∙∙∙∙∙∙∙▒
▒∙∙∙∙▒)∙∙∙∙∙▒∙∙∙∙∙∙∙∙
▒∙∙∙∙▒∙∙∙∙∙∙∙∙▒ ▒r▒
▒∙∙∙∙▒▒▒∙∙∙∙∙∙▒ ▒(▒
▒∙▒∙∙∙∙▒∙∙∙%∙∙▒▒▒▒▒c▒▒▒▒▒
∙∙▒∙∙∙∙∙∙∙∙∙∙∙∙∙@(∙(∙∙∙∙▒
∙∙∙∙∙∙∙∙∙∙∙∙∙∙∙▒∙∙∙∙∙∙∙∙▒
∙∙∙∙∙∙∙∙∙∙∙∙∙∙∙▒∙∙∙∙∙∙∙∙▒
∙∙∙∙∙∙∙∙∙∙∙▒∙∙∙∙∙∙∙∙▒
∙▒∙∙∙∙∙∙∙∙▒(∙∙∙∙∙∙∙▒
▒▒∙∙∙∙∙∙∙▒▒∙∙∙∙∙∙∙▒
∙∙∙∙∙∙∙∙▒▒∙∙(∙∙▒▒▒
∙∙∙∙∙∙▒▒▒∙∙∙∙∙▒ ∙∙∙▒
▒∙∙∙∙ ∙


You could see a centaur.

Vanquished Creatures
  An adder (D:2)
  10 bats
  2 giant cockroaches (D:2)
  7 hobgoblins
  6 jackals
  4 giant geckos
  2 giant newts (D:1)
  4 goblins
  6 kobolds
  4 quokkas (D:2)
  3 rats
49 creatures vanquished.

Vanquished Creatures (others)
  A spectral weapon (D:3)
1 creature vanquished.

Grand Total: 50 creatures vanquished

Notes
Turn   | Place    | Note
--------------------------------------------------------------
     0 | D:1      | Illaniel, the High Elf Skald, began the quest for the Orb.
     0 | D:1      | Reached XP level 1. HP: 13/13 MP: 4/4
    20 | D:1      | Reached skill level 1 in Armour
   253 | D:1      | Reached XP level 2. HP: 18/18 MP: 0/6
   276 | D:1      | Learned a level 2 spell: Shroud of Golubria
   548 | D:1      | Reached skill level 4 in Charms
   862 | D:2      | Reached XP level 3. HP: 7/23 MP: 1/9
   926 | D:2      | Learned a level 3 spell: Spectral Weapon
  1889 | D:3      | Found a glowing golden altar of the Shining One.
  2007 | D:3      | Noticed a centaur
  2021 | D:3      | Shot with an arrow by a centaur

Action                   || total
-------------------------++-------
Melee: Short sword       ||   174
 Cast: Infusion          ||    23
       Shroud of Golubri ||    13
       Spectral Weapon   ||     1
  Use: Potion            ||     3
